IL
NEW ORLEANS ZEPHYRS @ GWINNETT BRAVES
06/25/2048
 
TOP OF THE 1ST
New Orleans Zephyrs batting - Pitching for Gwinnett Braves : RHP Dustin Noriega
Pitching: RHP Dustin Noriega
Batting: LHB David Doge 0-0: Ball
1-0: Foul Ball, location: 2F
1-1: Ball
2-1: Swinging Strike
2-2: Ball
3-2: Foul Ball, location: 2F
3-2: Strikes out looking
Batting: RHB Rick Fell 0-0: Ball
1-0: Ball
2-0: Called Strike
2-1: Called Strike
2-2: Ground out 6-3 (Groundball, 6, EV 85.0 MPH)
Batting: RHB Manuel Taveras 0-0: Ball
1-0: Ball
2-0: Ball
3-0: Ground out 3-1 (Groundball, 34S, EV 94.4 MPH)
Top of the 1st over - 0 runs, 0 hits, 0 errors, 0 left on base; New Orleans 0 - Gwinnett 0
BOTTOM OF THE 1ST
Gwinnett Braves batting - Pitching for New Orleans Zephyrs : LHP Jeff Tavella
Pitching: LHP Jeff Tavella
Batting: RHB Nate Taylor 0-0: Swinging Strike
0-1: Ball
1-1: Ball
2-1: Ground out 1-3 (Groundball, 15S, EV 66.2 MPH)
Batting: RHB Alex Munoz 0-0: Ball
1-0: Ball
2-0: Called Strike
2-1: Ball
3-1: DOUBLE (Line Drive, 3D, EV 96.2 MPH)
Batting: LHB David Bramble 0-0: Ball
1-0: Ball
2-0: Called Strike
2-1: Foul Ball, location: 2F
2-2: Strikes out swinging
Batting: RHB Dave Nickerson 0-0: Ball
1-0: Ball
2-0: Foul Ball, location: 2F
2-1: Fly out, F7 (Flyball, 7LSF, EV 83.8 MPH)
Bottom of the 1st over - 0 runs, 1 hit, 0 errors, 1 left on base; New Orleans 0 - Gwinnett 0
TOP OF THE 2ND
New Orleans Zephyrs batting - Pitching for Gwinnett Braves : RHP Dustin Noriega
Batting: LHB Eric Bailey 0-0: Foul Ball, location: 2F
0-1: Ball
1-1: Ball
2-1: Called Strike
2-2: Foul Ball, location: 2F
2-2: Foul Ball, location: 2F
2-2: Foul Ball, location: 2F
2-2: Ball
3-2: Base on Balls
Batting: RHB Isaiah Brockman 0-0: Foul Ball, location: 2F
0-1: Called Strike
0-2: Strikes out swinging
Batting: RHB Orlando Landa 0-0: Ball
1-0: Swinging Strike
1-1: Called Strike
Eric Bailey is caught stealing 2nd base 2-4
1-2: Foul Ball, location: 2F
1-2: Ball
2-2: Fly out, F8 (Flyball, 8RD, EV 80.0 MPH)
Top of the 2nd over - 0 runs, 0 hits, 0 errors, 0 left on base; New Orleans 0 - Gwinnett 0
BOTTOM OF THE 2ND
Gwinnett Braves batting - Pitching for New Orleans Zephyrs : LHP Jeff Tavella
Batting: SHB Bob Morales 0-0: Called Strike
0-1: Ball
1-1: SINGLE (Groundball, 4M, EV 95.6 MPH)
Batting: LHB Chris Locklear 0-0: Fly out, F8 (Flyball, 8LD, EV 95.6 MPH)
Batting: RHB John Peterson 0-0: Ball
1-0: Foul Ball, location: 2F
1-1: Foul Ball, location: 2F
1-2: Strikes out swinging
Batting: RHB Roberto Gonzalez 0-0: Ball
1-0: SINGLE (Groundball, 6MD, EV 95.6 MPH)
Bob Morales to second
Batting: RHB Mike Manchester 0-0: Called Strike
0-1: Called Strike
0-2: Ground out 4-3 (Groundball, 4, EV 82.5 MPH)
Bottom of the 2nd over - 0 runs, 2 hits, 0 errors, 2 left on base; New Orleans 0 - Gwinnett 0
TOP OF THE 3RD
New Orleans Zephyrs batting - Pitching for Gwinnett Braves : RHP Dustin Noriega
Batting: RHB Torquato Obawole 0-0: Called Strike
0-1: Foul Ball, location: 2F
0-2: Strikes out swinging
Batting: RHB Masumitsu Sugiura 0-0: Foul Ball, location: 2F
0-1: Foul Ball, location: 2F
0-2: SINGLE (Groundball, 4MD, EV 106.2 MPH)
Batting: RHB John Jackson 0-0: Ball
Masumitsu Sugiura steals 2nd, throwing error, E2
Masumitsu Sugiura to third
1-0: Swinging Strike
1-1: Swinging Strike
1-2: Ball
2-2: Strikes out swinging
Batting: LHB David Doge 0-0: Ball
1-0: Fly out, F6 (Popup, 6D, EV 64.4 MPH)
Top of the 3rd over - 0 runs, 1 hit, 1 error, 1 left on base; New Orleans 0 - Gwinnett 0
BOTTOM OF THE 3RD
Gwinnett Braves batting - Pitching for New Orleans Zephyrs : LHP Jeff Tavella
Batting: RHB Nate Taylor 0-0: Ball
1-0: Swinging Strike
1-1: Foul Ball, location: 2F
1-2: Ball
2-2: Foul Ball, location: 2F
2-2: Fly out, F3 (Popup, 23F, EV 95.0 MPH)
Batting: RHB Alex Munoz 0-0: Called Strike
0-1: Swinging Strike
0-2: Ball
1-2: Strikes out swinging
Batting: LHB David Bramble 0-0: Foul Ball, location: 2F
0-1: Ball
1-1: Called Strike
1-2: Foul Ball, location: 2F
1-2: Ball
2-2: Foul Ball, location: 2F
2-2: Foul Ball, location: 2F
2-2: SOLO HOME RUN (Flyball, 9D, EV 100.0 MPH), Distance : 401 ft
Batting: RHB Dave Nickerson 0-0: Ball
1-0: Ball
2-0: Called Strike
2-1: Ground out 6-3 (Groundball, 6, EV 79.4 MPH)
Bottom of the 3rd over - 1 run, 1 hit, 0 errors, 0 left on base; New Orleans 0 - Gwinnett 1
TOP OF THE 4TH
New Orleans Zephyrs batting - Pitching for Gwinnett Braves : RHP Dustin Noriega
Batting: RHB Rick Fell 0-0: Called Strike
0-1: Swinging Strike
0-2: Foul Ball, location: 2F
0-2: Ground out 1-3 (Groundball, 13S, EV 60.6 MPH)
Batting: RHB Manuel Taveras 0-0: SINGLE (Groundball, 4M, EV 102.5 MPH) (infield hit)
Batting: LHB Eric Bailey 0-0: Called Strike
0-1: Fly out, F7 (Flyball, 7, EV 83.1 MPH)
Batting: RHB Isaiah Brockman 0-0: Ball
1-0: SINGLE (Groundball, 6MD, EV 96.2 MPH)
Manuel Taveras to second
Batting: RHB Orlando Landa 0-0: Ball
1-0: Foul Ball, location: 2F
1-1: Called Strike
1-2: Ball
2-2: Ground out 4-3 (Groundball, 4, EV 91.2 MPH)
Top of the 4th over - 0 runs, 2 hits, 0 errors, 2 left on base; New Orleans 0 - Gwinnett 1
BOTTOM OF THE 4TH
Gwinnett Braves batting - Pitching for New Orleans Zephyrs : LHP Jeff Tavella
Batting: SHB Bob Morales 0-0: Ball
1-0: Ball
2-0: Called Strike
2-1: Foul Ball, location: 2F
2-2: SOLO HOME RUN (Flyball, 9D, EV 98.1 MPH), Distance : 376 ft
Batting: LHB Chris Locklear 0-0: Bunted foul
0-1: Ball
1-1: Ball
2-1: Ball
3-1: Called Strike
3-2: Foul Ball, location: 2F
3-2: Ground out 6-3 (Groundball, 6, EV 86.2 MPH)
Batting: RHB John Peterson 0-0: Ball
1-0: Called Strike
1-1: SINGLE (Line Drive, 34, EV 102.5 MPH)
Batting: RHB Roberto Gonzalez 0-0: Called Strike
0-1: Ball
Wild Pitch!
John Peterson to second
1-1: Ball
2-1: SINGLE (Groundball, 4MS, EV 66.9 MPH) (infield hit)
John Peterson to third
Batting: RHB Mike Manchester 0-0: Ball
1-0: Called Strike
1-1: Called Strike
1-2: Hit by Pitch
Roberto Gonzalez to second
Batting: RHB Nate Taylor 0-0: Swinging Strike
0-1: Ball
1-1: Ball
2-1: SINGLE (Line Drive, 34D, EV 97.5 MPH)
John Peterson scores
Roberto Gonzalez to third
Mike Manchester to second
Batting: RHB Alex Munoz 0-0: Foul Ball, location: 2F
0-1: Grounds into double play, 5-4-3 (Groundball, 56S, EV 93.1 MPH)
Bottom of the 4th over - 2 runs, 4 hits, 0 errors, 2 left on base; New Orleans 0 - Gwinnett 3
TOP OF THE 5TH
New Orleans Zephyrs batting - Pitching for Gwinnett Braves : RHP Dustin Noriega
Batting: RHB Torquato Obawole 0-0: Ball
1-0: Foul Ball, location: 2F
1-1: Swinging Strike
1-2: Ball
2-2: Strikes out swinging
Batting: RHB Masumitsu Sugiura 0-0: Called Strike
0-1: Foul Ball, location: 2F
0-2: Ball
1-2: Strikes out looking
Batting: RHB John Jackson 0-0: Ball
1-0: Foul Ball, location: 2F
1-1: Swinging Strike
1-2: Strikes out swinging
Top of the 5th over - 0 runs, 0 hits, 0 errors, 0 left on base; New Orleans 0 - Gwinnett 3
BOTTOM OF THE 5TH
Gwinnett Braves batting - Pitching for New Orleans Zephyrs : LHP Jeff Tavella
Batting: LHB David Bramble 0-0: Ball
1-0: Called Strike
1-1: Ball
2-1: DOUBLE (Line Drive, 9LM, EV 101.9 MPH)
Batting: RHB Dave Nickerson 0-0: Foul Ball, location: 2F
0-1: SINGLE (Line Drive, 7S, EV 100.6 MPH)
David Bramble to third
Batting: SHB Bob Morales 0-0: Ball
1-0: Ball
Wild Pitch!
David Bramble scores
Dave Nickerson to second
2-0: 2-RUN HOME RUN (Flyball, 9D, EV 98.1 MPH), Distance : 383 ft
Pitching: RHP Alberto Negrete
Batting: LHB Chris Locklear 0-0: Swinging Strike
0-1: Ball
1-1: Fly out, F6 (Popup, P, EV 80.0 MPH)
Batting: RHB John Peterson 0-0: Ball
1-0: Ball
2-0: Foul Ball, location: 2F
2-1: Swinging Strike
2-2: Strikes out swinging
Batting: RHB Roberto Gonzalez 0-0: Ball
1-0: Foul Ball, location: 2F
1-1: Foul Ball, location: 2F
1-2: Ground out U3 (Groundball, 34, EV 83.1 MPH)
Bottom of the 5th over - 3 runs, 3 hits, 0 errors, 0 left on base; New Orleans 0 - Gwinnett 6
TOP OF THE 6TH
New Orleans Zephyrs batting - Pitching for Gwinnett Braves : RHP Dustin Noriega
Batting: LHB David Doge 0-0: Ball
1-0: Ball
2-0: Called Strike
2-1: TRIPLE (Flyball, 78XD, EV 95.6 MPH)
Batting: RHB Rick Fell 0-0: Ball
1-0: Foul Ball, location: 2F
1-1: Swinging Strike
1-2: Foul Ball, location: 2F
1-2: Foul Ball, location: 2F
1-2: Ball
2-2: Ball
3-2: Fly out, F9 (Flyball, 89XD, EV 88.1 MPH)
Runner from 3rd tags up, SCORES, no throw by RF
Batting: RHB Manuel Taveras 0-0: DOUBLE (Line Drive, 78M, EV 105.0 MPH)
Batting: LHB Eric Bailey 0-0: Ground out 4-3 (Groundball, 4, EV 104.4 MPH)
Manuel Taveras to third
Batting: RHB Isaiah Brockman 0-0: Fly out, F7 (Flyball, 78D, EV 90.6 MPH)
Top of the 6th over - 1 run, 2 hits, 0 errors, 1 left on base; New Orleans 1 - Gwinnett 6
BOTTOM OF THE 6TH
Gwinnett Braves batting - Pitching for New Orleans Zephyrs : RHP Alberto Negrete
Batting: RHB Mike Manchester 0-0: Called Strike
0-1: SINGLE (Groundball, 6M, EV 108.8 MPH) (infield hit)
Batting: RHB Nate Taylor 0-0: Ball
Mike Manchester steals 2nd base
1-0: Called Strike
1-1: Ball
2-1: Ball
3-1: Foul Ball, location: 2F
3-2: Foul Ball, location: 2F
3-2: Base on Balls
Batting: RHB Alex Munoz 0-0: Foul Ball, location: 2F
0-1: Ball
1-1: Called Strike
1-2: Foul Ball, location: 2F
1-2: DOUBLE (Flyball, 89XD, EV 102.5 MPH)
Mike Manchester scores
Nate Taylor to third
Batting: LHB David Bramble 0-0: Called Strike
0-1: SINGLE (Groundball, 3D, EV 96.2 MPH)
Nate Taylor scores
Alex Munoz to third
Runner from 3rd tries for Home, SAFE, throw by RF to home
Batting: RHB Dave Nickerson 0-0: Foul Ball, location: 2F
0-1: Swinging Strike
0-2: Strikes out swinging
Batting: SHB Bob Morales 0-0: Called Strike
0-1: Swinging Strike
0-2: Ball
1-2: Strikes out swinging
Batting: LHB Chris Locklear 0-0: Foul Ball, location: 2F
0-1: SINGLE (Flyball, 8RS, EV 93.1 MPH)
David Bramble to second
Batting: RHB John Peterson 0-0: Called Strike
0-1: Swinging Strike
0-2: Ball
1-2: SINGLE (Groundball, 56, EV 97.5 MPH) (infield hit)
David Bramble to third
Chris Locklear to second
Batting: RHB Roberto Gonzalez 0-0: Called Strike
0-1: Swinging Strike
0-2: Ball
1-2: Ball
2-2: Strikes out swinging
Bottom of the 6th over - 3 runs, 5 hits, 0 errors, 3 left on base; New Orleans 1 - Gwinnett 9
TOP OF THE 7TH
New Orleans Zephyrs batting - Pitching for Gwinnett Braves : RHP Dustin Noriega
Batting: RHB Orlando Landa 0-0: Called Strike
0-1: Ball
1-1: Ball
2-1: SINGLE (Line Drive, 7LS, EV 101.2 MPH)
Batting: RHB Torquato Obawole 0-0: Ball
1-0: Foul Ball, location: 2F
1-1: Ball
2-1: Called Strike
2-2: Strikes out swinging
Batting: RHB Masumitsu Sugiura 0-0: Called Strike
0-1: Called Strike
Orlando Landa steals 2nd base (no throw)
0-2: Ground out 4-3 (Groundball, 4S, EV 73.1 MPH)
Orlando Landa to third
Batting: RHB John Jackson 0-0: Called Strike
0-1: Foul Ball, location: 2F
0-2: SINGLE (Flyball, 3D, EV 87.5 MPH)
Orlando Landa scores
Batting: LHB David Doge 0-0: Called Strike
John Jackson steals 2nd base (no throw)
0-1: Fly out, F5 (Line Drive, 5, EV 65.0 MPH)
Top of the 7th over - 1 run, 2 hits, 0 errors, 1 left on base; New Orleans 2 - Gwinnett 9
BOTTOM OF THE 7TH
Gwinnett Braves batting - Pitching for New Orleans Zephyrs : RHP Alberto Negrete
Batting: RHB Mike Manchester 0-0: Foul Ball, location: 2F
0-1: Fly out, F9 (Flyball, 89S, EV 93.8 MPH)
Batting: RHB Nate Taylor 0-0: Ball
1-0: Ground out 3-1 (Groundball, 34, EV 85.6 MPH)
Batting: RHB Alex Munoz 0-0: Ball
1-0: Ball
2-0: SINGLE (Groundball, 6MD, EV 82.5 MPH) (infield hit)
Batting: LHB David Bramble 0-0: Ball
Alex Munoz steals 2nd base
1-0: Ball
2-0: Ball
3-0: Base on Balls
Pitching: RHP Stefan Snel
Batting: RHB Dave Nickerson 0-0: Called Strike
0-1: Ball
1-1: Swinging Strike
1-2: Strikes out swinging
Bottom of the 7th over - 0 runs, 1 hit, 0 errors, 2 left on base; New Orleans 2 - Gwinnett 9
TOP OF THE 8TH
New Orleans Zephyrs batting - Pitching for Gwinnett Braves : RHP Dustin Noriega
Pitching: RHP Ryan Casey
Batting: RHB Rick Fell 0-0: Called Strike
0-1: Swinging Strike
0-2: Foul Ball, location: 2F
0-2: Ball
1-2: Ball
2-2: Fly out, F9 (Flyball, 9S, EV 96.2 MPH)
Batting: RHB Manuel Taveras 0-0: Ball
1-0: Ball
2-0: Swinging Strike
2-1: SINGLE (Groundball, 4M, EV 103.8 MPH) (infield hit)
Batting: LHB Eric Bailey 0-0: Ball
1-0: Ball
2-0: Called Strike
2-1: Foul Ball, location: 2F
2-2: Fly out, F8 (Flyball, 8LS, EV 82.5 MPH)
Batting: RHB Isaiah Brockman 0-0: Fielders Choice at 2nd, 6-4 (Groundball, 6, EV 78.1 MPH)
Top of the 8th over - 0 runs, 1 hit, 0 errors, 1 left on base; New Orleans 2 - Gwinnett 9
BOTTOM OF THE 8TH
Gwinnett Braves batting - Pitching for New Orleans Zephyrs : RHP Stefan Snel
Batting: SHB Bob Morales 0-0: Ground out 5-3 (Groundball, 56, EV 81.2 MPH)
Batting: LHB Chris Locklear 0-0: Called Strike
0-1: Ball
1-1: Ball
2-1: Ground out 6-3 (Groundball, 6, EV 81.2 MPH)
Batting: RHB John Peterson 0-0: Ball
1-0: Foul Ball, location: 2F
1-1: Called Strike
1-2: Ball
2-2: Strikes out swinging
Bottom of the 8th over - 0 runs, 0 hits, 0 errors, 0 left on base; New Orleans 2 - Gwinnett 9
TOP OF THE 9TH
New Orleans Zephyrs batting - Pitching for Gwinnett Braves : RHP Ryan Casey
Batting: RHB Orlando Landa 0-0: Ball
1-0: Ball
2-0: Ground out 6-3 (Groundball, 56D, EV 87.5 MPH)
Batting: RHB Torquato Obawole 0-0: Ball
1-0: Foul Ball, location: 2F
1-1: Ball
2-1: Foul Ball, location: 2F
2-2: Fly out, F2 (Popup, 23F, EV 93.1 MPH)
Batting: RHB Masumitsu Sugiura 0-0: Called Strike
0-1: Swinging Strike
0-2: Foul Ball, location: 2F
0-2: Ball
1-2: Strikes out looking
Top of the 9th over - 0 runs, 0 hits, 0 errors, 0 left on base; New Orleans 2 - Gwinnett 9
Tuesday, March 28th , 2023 - OOTP Baseball 23.10 Build 110